 Dungeon Crawl Stone Soup version 0.23.2-1-ga50397a6bc (webtiles) character file.

Game seed: 7181367082626189420

98 Mrkan the Poker (level 4, -4/26 HPs)
             Began as a Tengu Gladiator on May 22, 2019.
             Was an Initiate of Fedhas.
             Killed by divine providence
             ... invoked by an orc priest
              (8 damage)
             ... on level 3 of the Dungeon.
             The game lasted 00:03:42 (1545 turns).

Mrkan the Poker (Tengu Gladiator)                   Turns: 1545, Time: 00:03:43

Health: -4/26      AC:  3    Str: 15    XL:     4   Next: 71%
Magic:  5/5        EV: 12    Int:  8    God:    Fedhas [......]
Gold:   58         SH:  3    Dex: 16    Spells: 3/3 levels left

rFire    . . .     SeeInvis .   a - +0 trident
rCold    . . .     Gourm    .   k - +0 buckler
rNeg     . . .     Faith    .   b - +0 leather armour
rPois    .         Spirit   .   c - +0 hat
rElec    .         Reflect  .   (no cloak)
rCorr    .         Harm     .   (no gloves)
MR       .....                  (boots unavailable)
Stlth    +.........             (no amulet)
HPRegen  0.08/turn              (no ring)
MPRegen  0.09/turn              (no ring)

@: no status effects
A: beak, talons 3
a: Fungal Bloom, Renounce Religion


You were on level 3 of the Dungeon.
You worshipped Fedhas.
Fedhas was noncommittal.
You were not hungry.

You visited 1 branch of the dungeon, and saw 3 of its levels.

You collected 58 gold pieces.

Inventory:

Hand Weapons
 a - a +0 trident (weapon)
Missiles
 d - 3 throwing nets (quivered)
 g - 62 stones
 r - 4 tomahawks
Armour
 b - a +0 leather armour (worn)
 c - a +0 hat (worn)
 k - a +0 buckler (worn)
Wands
 n - a wand of polymorph (8)
Scrolls
 h - a scroll of magic mapping {unknown}
 i - 4 scrolls of identify {unknown}
 j - a scroll of amnesia {unknown}
 m - a scroll of teleportation {unknown}
 p - a scroll of enchant weapon {unknown}
 t - a scroll of enchant armour {unknown}
Potions
 e - 3 potions of flight {unknown}
 l - a potion of resistance {unknown}
 o - a potion of curing {unknown}
 q - a potion of berserk rage {unknown}
 s - a potion of might {unknown}
 u - a potion of mutation {unknown}
Comestibles
 f - 4 rations


   Skills:
 - Level 2.0 Fighting
 * Level 5.8 Polearms
 - Level 2.0 Throwing
 - Level 3.2 Dodging


You had 3 spell levels left.
You didn't know any spells.
Your spell library was empty.

Dungeon Overview and Level Annotations

Branches:
Dungeon (3/15)

Altars:
Fedhas
Qazlal

Annotations:
D:3 Ijyb


Innate Abilities, Weirdness & Mutations

You have a beak for a mouth.
You have claws for feet.


Message History

You kill the rat!
You hit the orc priest but do no damage.
Your peck misses the orc priest.
Ijyb grins evilly.
You closely miss the orc priest.
You claw the orc priest, but do no damage.
Your peck misses the orc priest.
The orc priest calls down the wrath of Beogh upon you.
Beogh smites you!
Ouch! That really hurt!
You hit the orc priest but do no damage.
The orc priest barely misses you. Ijyb hits you with a +5 club.
* * * LOW HITPOINT WARNING * * *
A rat comes into view.
A kobold comes into view. It is wielding a +0 dagger.
The kobold shouts!
You hear a shout!
The orc priest mumbles some strange prayers to Beogh against you.
Beogh smites you!
You die...
Fedhas appreciates your contribution to the ecosystem.

)÷.........##....
..# ...........##...
...# ...........#...
...# .............o
...
...........#..###.#
.....####..#r#....#
###..# ##...†.g##
..##.### #....o..##
#......###.#.##.@.#
..##.......#.###.#.#
#...##.....#<#
#..#.#
###.<......... ##.#
# ###..#..##.. ..
#.....###.##... ...
..##### ... ^... #..
###K ..#


You could see Ijyb, an orc priest, an orc, a kobold and a rat (wandering).

Vanquished Creatures
  Robin (D:2)
  3 adders (D:2)
  2 worms
  A leopard gecko (D:1)
  An orc (D:3)
  9 bats
  3 giant cockroaches (D:1)
  9 goblins
  7 hobgoblins
  3 kobolds
  2 ball pythons (D:1)
  5 frilled lizards
  5 rats
51 creatures vanquished.

Vanquished Creatures (others)
  11 toadstools
11 creatures vanquished.

Grand Total: 62 creatures vanquished

Notes
Turn   | Place    | Note
-------+----------+-------------------------------------------
     0 | D:1      | Mrkan the Tengu Gladiator began the quest for the Orb.
     0 | D:1      | Reached XP level 1. HP: 12/12 MP: 2/2
    30 | D:1      | Reached XP level 2. HP: 11/17 MP: 3/3
    66 | D:1      | Reached skill level 4 in Polearms
   243 | D:1      | Reached XP level 3. HP: 14/21 MP: 4/4
   581 | D:2      | Reached skill level 5 in Polearms
   843 | D:2      | Found a faded altar of an unknown god.
  1004 | D:2      | Found a blossoming altar of Fedhas.
  1015 | D:2      | Became a worshipper of Fedhas Madash
  1056 | D:2      | Reached XP level 4. HP: 21/26 MP: 5/5
  1117 | D:2      | Noticed Robin
  1138 | D:2      | Killed Robin
  1238 | D:2      | Found a stormy altar of Qazlal.
  1514 | D:3      | Noticed Ijyb
  1545 | D:3      | Killed from afar by an orc priest

Skill      XL: |  1  2  3 |
---------------+----------+-----
Polearms       | 4 5 |  5.8
Fighting       | |  2.0
Throwing       | |  2.0
Dodging        | |  3.2

Action                   |  1- 3 |  4- 6 || total
-------------------------+-------+-------++-------
Melee: Trident           |    64 |    31 ||    95
       Kick              |    16 |     8 ||    24
       Peck              |    10 |     2 ||    12
       Unarmed           |       |     8 ||     8
Invok: Fungal Bloom      |       |     3 ||     3
 Stab: Sleeping          |     2 |       ||     2
  Eat: Chunk             |       |     2 ||     2
Armor: Leather armour    |    20 |     4 ||    24
       Skin              |       |     1 ||     1
Dodge: Dodged            |    63 |    12 ||    75
Block: Buckler           |    11 |     2 ||    13
